 Dungeon Crawl Stone Soup version 0.31-a0-1074-g0b22e4e0f1 (webtiles) character file.

Game seed: 29349242127846889

60 horus123 the Shooter (level 3, -1/23 HPs)
             Began as a Deep Elf Hunter on Dec 7, 2023.
             Slain by a goblin
             ... wielding a +0 dagger
             ... led by Robin
              (2 damage)
             ... on level 2 of the Dungeon.
             The game lasted 00:02:20 (971 turns).

horus123 the Shooter (Deep Elf Hunter)               Turns: 971, Time: 00:02:21

Health: -1/23      AC: 10    Str: 10    XL:     3   Next: 82%
Magic:  5/5        EV:  1    Int: 13    God:
Gold:   64         SH:  0    Dex: 18    Spells: 2/2 levels left

rFire   . . .        a - +0 shortbow
rCold   . . .        (shield currently unavailable)
rNeg    . . .        d - +0 plate armour
rPois   .            (no helmet)
rElec   .            (no cloak)
rCorr   .            (no gloves)
SInv    .            (no boots)
Will    .....        (no amulet) Stlth
                     (no ring)
HPRegen 0.23/turn    (no ring)
MPRegen 0.09/turn

%: no passive effects
@: no status effects
A: no striking features
a: no special abilities


You were on level 2 of the Dungeon.
You visited 1 branch of the dungeon, and saw 2 of its levels.

You collected 64 gold pieces.

Inventory:

Hand Weapons
 a - a +0 shortbow (weapon)
 h - a +0 trident
Armour
 c - a +0 leather armour
 d - a +0 plate armour (worn)
Jewellery
 i - a ring of poison resistance
Scrolls
 b - a scroll of butterflies
 e - a scroll of poison {unknown}
 f - a scroll of identify {unknown}
 g - a scroll of noise {unknown}
 j - a scroll of enchant weapon {unknown}
 l - a scroll of immolation {unknown}
Potions
 k - a potion of haste {unknown}


   Skills:
 - Level 3.0 Fighting
 - Level 5.5 Ranged Weapons
 + Level 1.1 Armour
 - Level 2.4 Dodging
 - Level 1.2 Stealth


You had 2 spell levels left.
You didn't know any spells.
Your spell library was empty.

Dungeon Overview and Level Annotations

Branches:
Dungeon (2/15)

Altars:

Annotations:
D:2 Natasha, Robin


Message History

The cerulean imp hits you but does no damage.
Robin says, "My army is invincible!"
The goblin barely misses you.
The cerulean imp hits you with a +1 spear.
The cerulean imp hits you from afar with a +1 spear.
* * * LOW HITPOINT WARNING * * *
Unknown command.
Fire: a) +0 shortbow
Press: ? - help, Q - select action Shift-Dir - straight line, f/p - goblin
Aim: a goblin, wielding a +0 dagger (strong, 58% to hit)
You shoot an arrow. The arrow closely misses the goblin.
The goblin hits you but does no damage.
Robin roars a battlecry!
The cerulean imp hits you with a +1 spear.
* * * LOW HITPOINT WARNING * * *
The cerulean imp hits you from afar with a +1 spear.
* * * LOW HITPOINT WARNING * * *
The goblin hits you but does no damage. Robin throws the goblin at you!
The cerulean imp hits you but does no damage.
The cerulean imp hits you from afar with a +1 spear.
* * * LOW HITPOINT WARNING * * *
You hear a shout!
Fire: a) +0 shortbow
Press: ? - help, Q - select action Shift-Dir - straight line, f/p - goblin
Aim: a goblin, wielding a +0 dagger (strong, 58% to hit)
You shoot an arrow. The arrow hits the goblin!
You kill the goblin!
The hobgoblin no longer looks unusually strong.
The goblin no longer looks unusually strong. x2
A goblin comes into view. It is wielding a +0 dagger.
The goblin barely misses you.
The cerulean imp hits you but does no damage. x2
A goblin comes into view. It is wielding a +0 dagger.
The goblin hits you but does no damage.
The cerulean imp hits you but does no damage. x2
The goblin moves out of view.
Number of times to repeat, then command key: You must enter the number of times for the command to repeat.
The goblin hits you with a +0 dagger.
You die...

.##.........####...#.#
..'.........+........#
.##.........####...###
####.......## #..##
##.....## #.## ##...##
#.# #+## #.# #.#
##g#####@# gg5gh55.g#
g#g#######


You could see Robin, Natasha, 3 cerulean imps, 2 hobgoblins and a goblin.

Vanquished Creatures
  An adder (D:2)
  A worm (D:2)
  2 endoplasms (D:1)
  2 giant cockroaches
  7 goblins
  10 jackals
  4 quokkas
  3 ball pythons
  5 bats
  A frilled lizard (D:2)
  2 kobolds (D:2)
  4 rats
42 creatures vanquished.

Notes
Turn   | Place    | Note
-------+----------+-------------------------------------------
     0 | D:1      | horus123 the Deep Elf Hunter began the quest for the Orb.
     0 | D:1      | Reached XP level 1. HP: 12/12 MP: 3/3
    58 | D:1      | Reached XP level 2. HP: 17/17 MP: 4/4
   296 | D:1      | Reached XP level 3. HP: 20/22 MP: 5/5
   960 | D:2      | Noticed Natasha
   962 | D:2      | Noticed Robin
   965 | D:2      | Reached skill level 1 in Armour
   969 | D:2      | HP: 1/23 [cerulean imp/+1 spear[Natasha] (2)]
   971 | D:2      | Slain by a goblin

Illustrated notes

Levels and vault maps discovered:
D:1:      wander_arrival_estate, layout_rooms, minmay_misc_feat_four_crosses
D:2:      layout_loops_corners, uniq_natasha, uniq_robin

Skill      XL: |  1  2  3 |
---------------+----------+-----
Fighting       | 2 3 |  3.0
Armour         | 1 |  1.1
Ranged Weapons | |  5.5
Dodging        | |  2.4
Stealth        | |  1.2

Action                     || total
---------------------------++-------
   Fire: Shortbow          ||   109
 Armour: Leather armour    ||    19
         Plate armour      ||    76
  Dodge: Dodged            ||    19

Table legend: (Time is in decaauts)
 A = Elapsed time spent in this place.
 B = Non-inter-level travel time spent in this place.
 C = Inter-level travel time spent in this place.
 D = Time resting spent in this place.
 E = Time spent auto-exploring this place.
 F = Levels seen in this place.
 G = Mean time per level.
                   A        B        C        D        E       F      G
               +--------+--------+--------+--------+--------+-----+--------+
         Total |   1035 |   1013 |     22 |      0 |    774 |   2 |  517.5 |
       Dungeon |   1035 |   1013 |     22 |      0 |    774 |   2 |  517.5 |
               +--------+--------+--------+--------+--------+-----+--------+

Top non-repeatable levels by time:
     D:2: 589 daAuts
     D:1: 446 daAuts
